 Dungeon Crawl Stone Soup version 0.30.0-30-g96aa6591b8 (webtiles) character file.

Game seed: 3669611869873236224

16 TotallyRasta the Chopper (level 2, -4/27 HPs)
             Began as a Hill Orc Berserker on June 26, 2023.
             Was a Follower of Trog.
             Slain by a cerulean imp
             ... wielding a +1 spear
             ... summoned by Natasha
              (5 damage)
             ... on level 2 of the Dungeon.
             The game lasted 00:02:28 (766 turns).

TotallyRasta the Chopper (Hill Orc Berserker)        Turns: 766, Time: 00:02:29

Health: -4/27      AC:  2    Str: 19    XL:     2   Next: 58%
Magic:  2/2        EV: 12    Int:  7    God:    Trog [*.....]
Gold:   14         SH:  0    Dex: 10    Spells: 1/1 levels left

rFire   . . .        a - +0 hand axe
rCold   . . .        (no shield)
rNeg    . . .        b - +0 animal skin
rPois   .            (no helmet)
rElec   .            (no cloak)
rCorr   .            (no gloves)
SInv    .            (no boots)
Will    .....        (no amulet)
Stlth   +            (no ring)
HPRegen 0.24/turn    (no ring)
MPRegen 0.08/turn

%: no passive effects
@: slowed, very slow
A: no striking features
a: Renounce Religion, Berserk


You were on level 2 of the Dungeon.
You worshipped Trog.
Trog was aware of your devotion.
You visited 1 branch of the dungeon, and saw 2 of its levels.

You collected 14 gold pieces.

Inventory:

Hand Weapons
 a - a +0 hand axe (weapon)
Armour
 b - a +0 animal skin (worn)
Scrolls
 c - a scroll of identify {unknown}
 d - a scroll of amnesia {unknown}
 f - a scroll of magic mapping {unknown}
 h - 3 scrolls of fog {unknown}
 k - a scroll of enchant armour {unknown}
Potions
 e - 2 potions of curing {unknown}
 g - a potion of cancellation {unknown}
 i - 2 potions of heal wounds {unknown}
 j - a potion of lignification {unknown}


   Skills:
 + Level 3.9 Fighting
 + Level 4.6 Axes
 + Level 2.4 Armour
 + Level 1.7 Dodging


You had one spell level left.
You didn't know any spells.
Your spell library was empty.

Dungeon Overview and Level Annotations

Branches:
Dungeon (2/15)

Altars:

Annotations:
D:2 Natasha


Message History

You hit the endoplasm.
You kill the endoplasm!
Trog accepts your kill.
A rat and a kobold come into view.
The kobold shouts!
You hear an angry hiss.
Natasha, Servant of Life and Death comes into view.
There are monsters nearby!
Natasha casts a spell.
There is an escape hatch in the ceiling here.
You slash the rat!
You kill the rat!
Trog accepts your kill.
You closely miss the kobold. The kobold hits you with a +0 whip.
Natasha stares at you and mumbles some strange words.
You resist with significant effort.
You closely miss the kobold. The kobold hits you with a +0 whip. x2
You hit Natasha.
Natasha is moderately wounded.
You completely miss the kobold. Natasha claws you.
The kobold hits you with a +0 whip.
You hit Natasha.
Natasha is heavily wounded.
You hit the kobold. Natasha casts a spell at you.
You resist with significant effort. The kobold closely misses you.
Natasha casts a spell at you.
You feel yourself slow down.
You hit Natasha.
Natasha is severely wounded.
You barely miss the kobold. The kobold hits you with a +0 whip.
The cerulean imp hits you but does no damage.
Natasha stares at you and mumbles some strange words.
The magic dart hits you!
* * * LOW HITPOINT WARNING * * *
You hit Natasha but do no damage.
Natasha is severely wounded.
You closely miss the kobold. The kobold hits you with a +0 whip.
* * * LOW HITPOINT WARNING * * *
The cerulean imp hits you from afar with a +1 spear.
You die...

####.#...#.....
............###
#............
#.>........##.
#.$...........
#........5.# #......5.#.#
#......K##.#####
#.##...h@....... #### #
#....##.####.##< #...
####.# .# #.#.. ....
.####..##.####.... #.#.
#.................# #.#.
#.................# #.#.
######.##...####..####.#.
#..................<..)
#.##...............#.##


You could see Natasha, a cerulean imp (summoned) and a kobold.

Vanquished Creatures
  4 bats (D:1)
  3 endoplasms
  2 goblins (D:1)
  2 kobolds
  4 rats
15 creatures vanquished.

Notes
Turn   | Place    | Note
-------+----------+-------------------------------------------
     0 | D:1      | TotallyRasta the Hill Orc Berserker began the quest for the
                  | Orb.
     0 | D:1      | Reached XP level 1. HP: 19/19 MP: 1/1
   333 | D:1      | Reached XP level 2. HP: 25/27 MP: 2/2
   754 | D:2      | Noticed Natasha
   766 | D:2      | HP: 1/27 [kobold/+0 whip (5)]
   766 | D:2      | Slain by a cerulean imp

Illustrated notes

Levels and vault maps discovered:
D:1:      doesnt_arrival_eight_statues, layout_loops_ring
D:2:      layout_loops_ring, shapermc_ecumenical_altar_petra, minivault_4,
          grunt_decor_clamped, uniq_natasha

Action                     || total
---------------------------++-------
  Melee: Hand axe          ||    43
 Armour: Animal skin       ||    12
  Dodge: Dodged            ||    25
